 Dungeon Crawl Stone Soup version 0.18.1-5-g4a78601 (webtiles) character file.

284 Scarto the Skirmisher (level 6, 0/49 HPs)
             Began as a Demonspawn Fighter on May 12, 2016.
             Killed by divine providence
             ... invoked by an orc priest
              (14 damage)
             ... on level 3 of the Dungeon.
             The game lasted 00:04:00 (1952 turns).

Scarto the Skirmisher (Demonspawn Fighter)          Turns: 1952, Time: 00:04:01

Health: 0/49       AC:  7    Str: 19    XL:     6   Next: 7%
Magic:  6/6        EV:  7    Int:  9    God:
Gold:   133        SH:  9    Dex: 12    Spells: 0 memorised, 5 levels left

rFire  . . .     SeeInvis .     a - +0 war axe
rCold  . . .     Gourm    .     b - +0 scale mail
rNeg   . . .     Faith    .     c - +0 shield
rPois  .         Spirit   .     (helmet restricted)
rElec  .         Dismiss  .     (no cloak)
rCorr  .         Reflect  .     (no gloves)
SustAt .         Harm     .     (no boots)
MR     .....                    (no amulet)
Stlth  ++........               (no ring)
                                (no ring)

@: not resistant to hostile enchantments, unstealthy
A: horns 1, nightstalker 2
a: no special abilities


You were on level 3 of the Dungeon.
You were full.

You visited 1 branch of the dungeon, and saw 3 of its levels.

You collected 133 gold pieces.

Inventory:

Hand Weapons
 a - a +0 war axe (weapon)
Armour
 b - a +0 scale mail (worn)
 c - a +0 shield (worn)
Scrolls
 d - a scroll of identify
 h - a scroll of noise
 o - a scroll of teleportation
Potions
 i - a potion of curing
 j - 2 potions of brilliance {unknown}
 k - a potion of ambrosia {unknown}
 m - a potion of heal wounds {unknown}
 n - a potion of mutation {unknown}
Comestibles
 f - a bread ration
 g - a beef jerky


   Skills:
 + Level 4.4 Fighting
 + Level 3.3 Axes
 + Level 3.9 Armour
 + Level 3.6 Shields


You had 5 spell levels left.
You didn't know any spells.

Dungeon Overview and Level Annotations

Branches:
Dungeon (3/15)

Altars:
Vehumet


Innate Abilities, Weirdness & Mutations

You have a pair of small horns on your head.
You are significantly more attuned to the shadows.


Message History

The orc priest is heavily wounded.
You hit the orc.
The orc is lightly wounded.
Your shield prevents you from hitting the orc priest.
The orc hits you but does no damage. You block the orc priest's attack.
The orc priest hits you but does no damage.
The orc throws a stone.
The stone closely misses you. The orc hits you but does no damage.
The orc priest calls down the wrath of Beogh upon you.
Beogh smites you!
The orc throws a stone.
The stone hits you.
* * * LOW HITPOINT WARNING * * *
You are too injured to fight recklessly!
Unknown command.
You are too injured to fight recklessly!
You are too injured to fight recklessly!
Unknown command.
Unknown command.
The orc priest mumbles some strange prayers to Beogh against you.
Beogh smites you!
You die...

###. ...| #..
##.#### ...
..#.og@.# ...
_o...o#.# #.#
..#..o#.# #.# #.
##.##.#####.# .##.
.. #.......### ...
...
#.###.....#####.#
####
#<###(###......รท.
#..........#####.
#.###.#....# #...


You could see 2 orc priests, 2 orcs and a goblin.

Vanquished Creatures
  Sigmund (D:2)
  6 adders
  2 worms (D:2)
  2 dart slugs (D:2)
  2 giant geckos (D:2)
  3 orcs (D:3)
  4 giant cockroaches
  6 hobgoblins
  3 jackals (D:2)
  A quokka (D:2)
  A ball python (D:2)
  5 bats
  3 giant newts
  7 goblins
  7 kobolds
  12 rats
65 creatures vanquished.

Notes
Turn   | Place    | Note
--------------------------------------------------------------
     0 | D:1      | Scarto the Demonspawn Fighter began the quest for the Orb.
     0 | D:1      | Reached XP level 1. HP: 18/18 MP: 1/1
   294 | D:1      | Gained mutation: You have a pair of small horns on your head. [demonic ancestry]
   294 | D:1      | Reached XP level 2. HP: 22/24 MP: 2/2
   655 | D:2      | Noticed Sigmund
   670 | D:2      | HP: 1/24 [Sigmund/scythe (9)]
   672 | D:2      | Killed Sigmund
   672 | D:2      | Reached skill level 4 in Fighting
   672 | D:2      | Reached XP level 3. HP: 1/30 MP: 3/3
   672 | D:2      | Gained mutation: You are slightly more attuned to the shadows. [demonic ancestry]
   672 | D:2      | Reached XP level 4. HP: 2/37 MP: 4/4
   672 | D:2      | Gained mutation: You are significantly more attuned to the shadows. [demonic ancestry]
   672 | D:2      | Reached XP level 5. HP: 2/42 MP: 5/5
  1807 | D:3      | Reached XP level 6. HP: 43/48 MP: 6/6
  1947 | D:3      | Found a radiant altar of Vehumet.
  1952 | D:3      | Killed from afar by an orc priest

Skill      XL: |  1  2 |
---------------+-------+-----
Axes           | 2 3 |  3.3
Fighting       | 4 |  4.4
Armour         | 3 |  3.9
Shields        | 3 |  3.6

Action                   |  1- 3 |  4- 6 || total
-------------------------+-------+-------++-------
Melee: War axe           |    57 |    86 ||   143
       Headbutt          |     8 |    11 ||    19
  Use: Potion            |     1 |       ||     1
       Scroll            |       |     6 ||     6
 Stab: Sleeping          |       |     7 ||     7
  Eat: Bread ration      |       |     2 ||     2
Armor: Scale mail        |    40 |    35 ||    75
Dodge: Dodged            |    23 |    23 ||    46
Block: Shield            |    25 |    26 ||    51
